 Dungeon Crawl Stone Soup version 0.20.1-1-g8b1a95d (webtiles) character file.

183811 raph the Phalangite (level 18, 0/140 HPs)
             Began as a Merfolk Gladiator on Dec 26, 2017.
             Was the Champion of Okawaru.
             Shot with an arrow by a deep elf archer (14 damage)
             ... on level 1 of the Elven Halls.
             The game lasted 01:55:09 (38752 turns).

raph the Phalangite (Merfolk Gladiator)            Turns: 38752, Time: 01:55:09

Health: 0/140      AC: 18    Str: 19    XL:     18   Next: 38%
Magic:  18/31      EV: 37    Int: 18    God:    Okawaru [******]
Gold:   922        SH:  0    Dex: 24    Spells: 24/35 levels left

rFire    + . .     SeeInvis +   a - +8 bardiche of Ifeihirgh {chop, -Tele rElec rN+ MR+}
rCold    x . .     Gourm    .   (shield currently unavailable)
rNeg     + . .     Faith    .   L - +2 acid dragon scales
rPois    .         Spirit   .   V - +0 mask of the Dragon {MR+ Slay+3 SInv}
rElec    +         Reflect  .   w - scarf of the Bulwark {Int+7 Dex-3 Slay+2}
rCorr    +         Harm     .   X - +2 pair of gloves
MR       +++++     NoTele   +   O - +2 pair of boots of Cakus {rC- Dex+6}
Stlth    ++........             c - amulet of Ewkaladgh {RegenMP rF+ MR+++ Int+3 Stlth-}
Regen    0.4/turn               u - +6 ring of evasion
MPRegen  0.4/turn               I - +3 ring of strength

@: heroism
A: change form in water, swift swim, stealthy swim
a: Heroism, Finesse, Renounce Religion


You were on level 1 of the Elven Halls.
You worshipped Okawaru.
Okawaru was exalted by your worship.
You were not hungry.

You visited 6 branches of the dungeon, and saw 30 of its levels.
You also visited: Volcano.

You collected 3359 gold pieces.
You spent 2437 gold pieces at shops.

Inventory:

Hand Weapons
 a - the +8 bardiche of Ifeihirgh (weapon) {chop, -Tele rElec rN+ MR+}
   (You found it on level 1 of the Lair of Beasts)

   It inflicts extra damage upon your enemies.
   It insulates you from electricity.
   It protects you from negative energy.
   It affects your resistance to hostile enchantments.
   It prevents most forms of teleportation.
 b - a +0 blowgun
 T - a +1 demon trident of draining
Missiles
 d - 8 throwing nets
 e - 58 poisoned needles
 l - 3 silver javelins
 v - 11 javelins of returning (quivered)
 C - 5 javelins of penetration
 N - 2 needles of sleeping
 R - 10 curare-tipped needles
Armour
 w - the scarf of the Bulwark (worn) {Int+7 Dex-3 Slay+2}
   (Okawaru gifted it to you on level 5 of the Lair of Beasts)

   It affects your intelligence (+7).
   It affects your dexterity (-3).
   It affects your accuracy and damage with ranged weapons and melee attacks
   (+2).
 L - +2 acid dragon scales (worn)
 O - the +2 pair of boots of Cakus (worn) {rC- Dex+6}
   (You bought it in a shop on level 2 of the Orcish Mines)

   It affects your dexterity (+6).
   It makes you vulnerable to cold.
 V - the +0 mask of the Dragon (worn) {MR+ Slay+3 SInv}
   (Okawaru gifted it to you on level 5 of the Lair of Beasts)

   It affects your accuracy and damage with ranged weapons and melee attacks
   (+3).
   It affects your resistance to hostile enchantments.
   It lets you see invisible.
 X - a +2 pair of gloves (worn)
Jewellery
 c - the amulet of Ewkaladgh (around neck) {RegenMP rF+ MR+++ Int+3 Stlth-}
   (You bought it in a shop on level 2 of the Orcish Mines)

   [amulet of magic regeneration]

   It increases your magic regeneration.
   It affects your intelligence (+3).
   It protects you from fire.
   It affects your resistance to hostile enchantments.
   It makes you less stealthy.
 u - a +6 ring of evasion (left hand)
 I - a +3 ring of strength (right hand)
Wands
 f - a wand of iceblast (3/15)
 m - a wand of scattershot (4/9)
 D - a wand of lightning (9/15)
 G - a wand of flame (11/48)
 M - a wand of flame (28/48)
Scrolls
 h - a scroll of holy word
 s - 9 scrolls of remove curse
 t - 8 scrolls of teleportation
 x - 2 scrolls of magic mapping
 y - 4 scrolls of identify
 A - a scroll of fear
 H - a scroll of fog
 J - 2 scrolls of amnesia
 S - 2 scrolls of enchant weapon
Potions
 g - 6 potions of flight
 i - 3 potions of agility
 k - 3 potions of cancellation
 p - 2 potions of curing
 q - 2 potions of brilliance
 B - 4 potions of magic
 E - 2 potions of might
 F - 3 potions of haste
 K - 4 potions of invisibility
 Q - a potion of berserk rage
Books
 o - Roxanne's Collected Works on Moulding
   (You took it off Roxanne on level 2 of the Snake Pit)

   Spells                             Type                      Level
   a - Beastly Appendage              Transmutation                1
   b - Sticks to Snakes               Transmutation                2
   c - Ignite Poison                  Fire/Transmutation/Poison    3
   d - Yara's Violent Unravelling     Hexes/Transmutation          5
   e - Statue Form                    Transmutation/Earth          6
 r - a Fen Folio

   Spells                             Type                      Level
   a - Corpse Rot                     Necromancy                   2
   b - Stone Arrow                    Conjuration/Earth            3
   c - Leda's Liquefaction            Hexes/Earth                  4
   d - Summon Forest                  Summoning/Translocation      5
   e - Hydra Form                     Transmutation                6
   f - Summon Hydra                   Summoning                    7
Miscellaneous
 j - a fan of gales
 P - a phial of floods
Comestibles
 n - 13 meat rations


   Skills:
 + Level 12.1(17.1) Fighting
 * Level 25.9(27) Polearms
 + Level 5.1(10.1) Throwing
 + Level 8.3(13.3) Armour
 + Level 14.3(19.3) Dodging
 + Level 9.4 Spellcasting
 + Level 9.0 Necromancy
 + Level 7.7 Invocations
 + Level 5.5 Evocations


You had 24 spell levels left.
You knew the following spells:

 Your Spells              Type           Power        Failure   Level  Hunger
a - Animate Skeleton      Necr           N/A          1%          1    None
b - Apportation           Tloc           #.....       11%         1    None
c - Animate Dead          Necr           N/A          2%          4    ###....
d - Cigotuvi's Embrace    Necr           #####.....   7%          5    #####..


Dungeon Overview and Level Annotations

Branches:
Dungeon (15/15)            Temple (0/1) D:5            Lair (6/6) D:8
 Shoals (3/4) Lair:3        Snake (3/4) Lair:3        Slime (0/5) Lair:5
    Orc (2/2) D:10            Elf (1/3) Orc:2        Vaults (0/5) D:13
 Depths (0/5) D:15

Altars:
Ashenzari
Cheibriados
Dithmenos
Elyvilon
Fedhas
Gozag
Makhleb
Nemelex Xobeh
Okawaru
Sif Muna
Trog
Uskayaw
Zin
The Shining One
Jiyva

Shops:
D:5 :   D:6 }   Orc:2 %=[%   Snake:1 (

Portals:
Hell: Lair:6

Annotations:
Lair:4 exclusion: 3 oklob plants
Snake:3 Asterion


Message History

The deep elf archer shoots an arrow.
The arrow completely misses you.
The fire elemental completely misses you.
You hit the antimagic hand axe.
The antimagic hand axe is moderately damaged.
The antimagic hand axe misses you.
The fire elemental completely misses you.
You miss the antimagic hand axe.
The antimagic hand axe is moderately damaged.
The deep elf mage seems to regain its courage.
The antimagic hand axe closely misses you.
The deep elf archer shoots an arrow.
The arrow completely misses you.
The fire elemental completely misses you.
A deep elf archer comes into view. It is wielding a dagger.
Unknown command.
You feel more confident with your borrowed prowess.
The antimagic hand axe completely misses you.
The fire elemental completely misses you.
The antimagic hand axe hits you but does no damage.
The deep elf archer shoots an arrow.
The arrow hits you!
You die...

#...≈§§ ##..≈§#### ##+##
#...≈##"%## ....#
#..≈≈#....#
....######.8##....## .
.....##.#..##*)....# .§.
.....#.....(((.e...#§e..
..........).)).E...#Ee..
.....#......'..(@..#≈§
.....##.#(.##..)...#
....######§8##...(##
<...# ..≈≈#....# #+###
#...≈##($## ##..≈≈####


You could see 2 deep elf archers, a deep elf knight, 2 fire elementals, an
antimagic hand axe and a battlesphere.

Vanquished Creatures
  Vashnia (Snake:2)
  Nikola (Snake:2)
  Frances (D:13)
  Kirke (D:15)
  Roxanne (Snake:2)
  2 nagarajas
  Donald (Snake:1)
  A deep elf sorcerer (Elf:1)
  Aizul (Snake:1)
  Louise (Snake:1)
  The ghost of kalagan the Geomancer, a journeyman GrEE of Hepliaklqana (Snake:2)
  The ghost of Mgcat the Geomancer, a journeyman GrEE of Sif Muna (Lair:6)
  A dire elephant (D:15)
  Azrael (D:15)
  6 merfolk impalers
  A merfolk javelineer (Shoals:2)
  Josephine (D:10)
  Erolcha (D:10)
  5 naga warriors
  4 vault guards (D:13)
  6 hydras
  An alligator snapping turtle (Shoals:3)
  2 merfolk avatars (Shoals:2)
  The ghost of appiemonkey the Grappler, a novice TrMo (D:9)
  4 anacondas
  15 two-headed ogres
  A centaur warrior (Volcano)
  2 dancing weapons (Elf:1)
  5 death yaks
  3 ogre magi
  Urug (Orc:1)
  7 naga sharpshooters
  Sonja (Lair:1)
  A hell knight (Volcano)
  2 shock serpents
  2 deep elf knights (D:13)
  A sixfirhy (Lair:6)
  5 sea snakes
  A salamander mystic (Snake:3)
  2 deep trolls (Orc:2)
  2 unseen horrors
  Pikel (D:7)
  2 naga ritualists
  3 orc knights
  5 deep elf archers
  A wizard (Lair:6)
  5 harpies (Shoals:1)
  6 mana vipers
  11 ugly things
  8 cyclopes
  23 deep elf magi
  5 salamanders
  The ghost of jombi the Frost Mage, a novice BaIE (D:6)
  9 manticores
  14 fauns
  8 elephants
  8 merfolk sirens
  16 black mambas
  7 naga magi
  2 gargoyles
  10 spiny frogs
  2 orange demons (Lair:6)
  A molten gargoyle (Volcano)
  7 komodo dragons
  2 water nymphs (Shoals:1)
  5 rime drakes
  2 kobold demonologists
  An efreet (D:15)
  A hellwing (Lair:6)
  An ice devil (Lair:6)
  A freezing wraith (D:15)
  A redback zombie (D:15)
  2 red devils (Lair:6)
  A yaktaur (Volcano)
  24 merfolk
  A polar bear (Lair:6)
  2 tengu conjurers
  A hornet (Lair:2)
  3 wind drakes
  14 trolls
  3 slime creatures (D:13)
  9 dream sheep
  12 blink frogs
  A meliai zombie (D:14)
  5 snapping turtles
  12 hippogriffs
  Prince Ribbit (Lair:1)
  A centaur simulacrum (D:15)
  A shadow (D:15)
  Sigmund (D:6)
  6 water elementals
  28 yaks
  2 vampires (D:15)
  6 wraiths
  3 wyverns
  Eustachio (D:4)
  2 fire bats (Volcano)
  3 fire elementals (D:15)
  4 basilisks
  A hog (D:15)
  4 vampire mosquitoes (D:15)
  3 hungry ghosts
  Menkaure (D:4)
  11 nagas
  2 wargs (Orc:2)
  4 acid dragons
  Edmund (D:6)
  9 hell hounds
  Duvessa (D:4)
  29 water moccasins
  17 porcupines
  An eye of draining (D:12)
  24 orc warriors
  2 slaves (D:7)
  5 ice beasts
  A black bear (D:9)
  4 sky beasts
  30 ogres
  15 centaurs
  A necrophage (D:5)
  4 wolves
  A big kobold (D:13)
  13 crocodiles
  18 bullfrogs
  2 gnoll sergeants (Orc:1)
  Dowan (D:4)
  A wyvern skeleton (D:13)
  6 scorpions
  A water moccasin skeleton (D:5)
  11 killer bees (D:9)
  24 wights
  6 electric eels
  4 howler monkeys
  2 crimson imps
  8 lava snakes (Volcano)
  3 jellies
  2 quasits
  3 centaur zombies
  A bullfrog zombie (D:13)
  10 hounds
  A centaur skeleton (D:12)
  11 orc priests
  19 orc wizards
  Natasha (D:4)
  4 iguanas
  8 worker ants
  A killer bee zombie (D:9)
  A hound zombie (D:9)
  A hound skeleton (D:8)
  A worker ant zombie (D:3)
  A howler monkey skeleton (D:9)
  30 adders
  3 gnolls
  4 shadow imps
  An ooze (D:1)
  An adder zombie (D:7)
  5 dart slugs
  4 worms
  7 leopard geckos
  74 orcs
  6 giant cockroaches
  6 goblins
  5 hobgoblins
  12 jackals
  3 quokkas
  3 ball pythons
  13 bats
  2 frilled lizards
  11 kobolds
  2 leopard gecko skeletons
  A quokka skeleton (D:5)
  2 rats (D:3)
  2 fungi
949 creatures vanquished.

Vanquished Creatures (collateral kills)
  A nagaraja (Snake:2)
  A hydra (Lair:2)
  A merfolk avatar (Shoals:1)
  A two-headed ogre (D:8)
  A death yak (Lair:5)
  A satyr (Shoals:3)
  2 manticores (Shoals:3)
  6 fauns
  2 elephants (Lair:2)
  3 merfolk sirens
  A black mamba (Lair:1)
  A spiny frog (Lair:4)
  A wind drake (Shoals:1)
  A troll (D:11)
  A merfolk (Shoals:2)
  A blink frog (Lair:6)
  4 dream sheep
  A hippogriff (Lair:2)
  A hungry ghost (Shoals:1)
  A water moccasin (D:10)
  An orc warrior (Orc:2)
  A wolf (Lair:4)
  A bullfrog (Lair:3)
  A scorpion (Lair:2)
  A wight (D:8)
  An orc priest (D:8)
  A hound (D:8)
  2 orc wizards (Orc:2)
  A gnoll (Orc:1)
  An adder skeleton (D:8)
  An orc (Orc:2)
  2 kobolds (D:13)
  3 fungi
  A plant (Lair:6)
50 creatures vanquished.

Vanquished Creatures (others)
  A manticore (Shoals:3)
  5 humans (D:15)
  A slave (D:7)
  A bullfrog (D:15)
  An orc (D:7)
  2 bushes (Lair:6)
  17 fungi
  11 plants
39 creatures vanquished.

Grand Total: 1038 creatures vanquished

Notes
Turn   | Place    | Note
-------+----------+-------------------------------------------
     0 | D:1      | raph the Merfolk Gladiator began the quest for the Orb.
     0 | D:1      | Reached XP level 1. HP: 16/16 MP: 1/1
   242 | D:1      | Reached XP level 2. HP: 21/23 MP: 2/2
   576 | D:1      | Reached skill level 5 in Polearms
   972 | D:1      | Reached XP level 3. HP: 28/28 MP: 3/3
  1544 | D:2      | Reached XP level 4. HP: 30/35 MP: 4/4
  1961 | D:2      | Reached skill level 6 in Polearms
  2066 | D:3      | Reached XP level 5. HP: 41/41 MP: 5/5
  2754 | D:3      | Reached skill level 5 in Dodging
  2820 | D:3      | Reached skill level 7 in Polearms
  3040 | D:3      | Found an opulent altar of Gozag.
  3084 | D:3      | Found a shadowy altar of Dithmenos.
  3092 | D:3      | Reached XP level 6. HP: 48/48 MP: 6/6
  3241 | D:4      | Noticed Duvessa
  3480 | D:4      | Noticed Eustachio
  3496 | D:4      | Killed Eustachio
  3763 | D:4      | Noticed Dowan
  3804 | D:3      | Reached XP level 7. HP: 55/55 MP: 7/7
  3814 | D:3      | Reached skill level 8 in Polearms
  3898 | D:4      | Noticed Natasha
  3906 | D:4      | Killed Natasha
  3906 | D:4      | Reached skill level 1 in Armour
  4044 | D:5      | Entered Level 5 of the Dungeon
  4052 | D:5      | Reached skill level 5 in Fighting
  4246 | D:5      | Reached skill level 9 in Polearms
  4323 | D:5      | Reached XP level 8. HP: 59/62 MP: 8/8
  4350 | D:5      | Found an iron altar of Okawaru.
  4366 | D:5      | Became a worshipper of Warmaster Okawaru
  4455 | D:5      | Found Wueniv's Book Shoppe.
  4460 | D:5      | Bought a book of Cantrips for 240 gold pieces
  4462 | D:5      | Learned a level 1 spell: Animate Skeleton
  4559 | D:5      | Found a staircase to the Ecumenical Temple.
  4905 | D:6      | Reached skill level 1 in Necromancy
  5127 | D:6      | Reached * piety under Okawaru
  5211 | D:6      | Reached skill level 10 in Polearms
  5266 | D:6      | Noticed jombi's ghost (novice BaIE)
  5314 | D:6      | Reached skill level 1 in Spellcasting
  5331 | D:6      | Killed jombi's ghost
  5331 | D:6      | Reached ** piety under Okawaru
  5331 | D:6      | Reached XP level 9. HP: 34/68 MP: 7/11
  5491 | D:6      | Noticed Edmund
  5496 | D:6      | Killed Edmund
  5621 | D:6      | Found Viagal's Gadget Shop.
  5662 | D:6      | Noticed Sigmund
  5682 | D:6      | Killed Sigmund
  5682 | D:6      | Reached skill level 11 in Polearms
  5834 | D:6      | Found a sparkling altar of Nemelex Xobeh.
  5835 | D:6      | Found a hide-covered altar of Uskayaw.
  5835 | D:6      | Found a bloodstained altar of Trog.
  5837 | D:6      | Found a shattered altar of Ashenzari.
  5837 | D:6      | Found a blossoming altar of Fedhas.
  5838 | D:6      | Found a snail-covered altar of Cheibriados.
  6332 | D:4      | Reached *** piety under Okawaru
  6492 | D:4      | Noticed Menkaure
  6503 | D:4      | Killed Duvessa
  6514 | D:4      | Killed Dowan
  6518 | D:4      | Killed Menkaure
  7092 | D:7      | Reached **** piety under Okawaru
  7097 | D:7      | Reached skill level 12 in Polearms
  7160 | D:7      | Noticed Pikel
  7184 | D:7      | Killed Pikel
  7184 | D:7      | Reached XP level 10. HP: 70/78 MP: 12/15
  8014 | D:8      | Found a staircase to the Lair.
  8675 | D:8      | Received a gift from Okawaru
  8838 | D:8      | Noticed a two-headed ogre
  8846 | D:8      | Killed a two-headed ogre
  8846 | D:8      | Reached ***** piety under Okawaru
  8846 | D:8      | Reached skill level 13 in Polearms
  9250 | Lair:1   | Entered Level 1 of the Lair of Beasts
  9311 | Lair:1   | Noticed Prince Ribbit
  9314 | Lair:1   | Noticed a spiny frog
  9316 | Lair:1   | Noticed Sonja
  9322 | Lair:1   | Killed a spiny frog
  9332 | Lair:1   | Reached XP level 11. HP: 75/85 MP: 15/17
  9360 | Lair:1   | Reached skill level 1 in Invocations
  9363 | Lair:1   | Received a gift from Okawaru
  9367 | Lair:1   | Killed Sonja
  9380 | Lair:1   | Killed Prince Ribbit
  9389 | Lair:1   | Received a gift from Okawaru
  9964 | Lair:1   | Reached skill level 14 in Polearms
  9989 | Lair:1   | Got a warped bardiche
  9990 | Lair:1   | Identified the +8 bardiche of Ifeihirgh {chop, -Tele rElec rN+ MR+} (You found it on level 1 of the Lair of Beasts)
 10459 | Lair:2   | Paralysed by a hornet for 1 turns
 10637 | Lair:2   | Noticed a seven-headed hydra
 10777 | Lair:2   | Reached skill level 15 in Polearms
 10997 | Lair:2   | Killed a seven-headed hydra
 10997 | Lair:2   | Reached skill level 16 in Polearms
 11040 | Lair:2   | Reached XP level 12. HP: 56/91 MP: 16/19
 11044 | Lair:2   | Reached skill level 17 in Polearms
 11296 | Lair:2   | Reached ****** piety under Okawaru
 11590 | Lair:2   | Noticed a six-headed hydra
 11603 | Lair:2   | Killed an eight-headed hydra
 11921 | Lair:3   | Reached skill level 18 in Polearms
 12259 | Lair:3   | Received a gift from Okawaru
 12616 | Lair:3   | Found a staircase to the Shoals.
 12630 | Lair:3   | Reached skill level 19 in Polearms
 12680 | Lair:3   | Found a dark tunnel.
 12692 | Volcano  | Entered a volcano
 13242 | Volcano  | Found a burning altar of Makhleb.
 13242 | Volcano  | Noticed a centaur warrior
 13249 | Volcano  | Killed a centaur warrior
 13256 | Volcano  | Received a gift from Okawaru
 13480 | Volcano  | Noticed a hell knight
 13486 | Volcano  | Killed a hell knight
 13512 | Volcano  | Reached skill level 20 in Polearms
 13757 | Lair:3   | Found a staircase to the Snake Pit.
 13975 | Lair:3   | Received a gift from Okawaru
 14293 | Lair:4   | Noticed an eight-headed hydra
 14305 | Lair:4   | Killed a 13-headed hydra
 14305 | Lair:4   | Reached XP level 13. HP: 27/97 MP: 18/20
 14659 | Lair:4   | Reached skill level 21 in Polearms
 15615 | Lair:4   | Learned a level 1 spell: Apportation
 15927 | Lair:5   | Found a viscous altar of Jiyva.
 15927 | Lair:5   | Found a staircase to the Slime Pits.
 16098 | Lair:5   | Received a gift from Okawaru
 16117 | Lair:5   | Got a jewelled scarf {god gift}
 16125 | Lair:5   | Identified the scarf of the Bulwark {Int+7 Dex-3 Slay+2} (Okawaru gifted it to you on level 5 of the Lair of Beasts)
 16372 | Lair:5   | Reached skill level 22 in Polearms
 16521 | Lair:6   | Entered Level 6 of the Lair of Beasts
 16707 | D:5      | Bought a book of Unlife for 780 gold pieces
 16712 | D:5      | Learned a level 4 spell: Animate Dead
 17173 | Lair:6   | Reached skill level 5 in Spellcasting
 17967 | Lair:5   | Reached skill level 10 in Dodging
 17973 | Lair:5   | Reached skill level 5 in Necromancy
 18262 | Lair:5   | Received a gift from Okawaru
 18273 | Lair:5   | Reached skill level 5 in Armour
 18975 | Lair:6   | Reached XP level 14. HP: 106/106 MP: 22/22
 19129 | Lair:6   | Noticed Mgcat's ghost (journeyman GrEE)
 19164 | Lair:6   | Killed Mgcat's ghost
 19170 | Lair:6   | Found a burning altar of Makhleb.
 19188 | Lair:6   | Found a gateway to Hell.
 19196 | Lair:6   | Got a serpentine ivory ring
 19546 | D:9      | Found a glowing golden altar of the Shining One.
 19745 | D:9      | Found a glowing silver altar of Zin.
 19827 | D:9      | Found a white marble altar of Elyvilon.
 19977 | D:9      | Identified the ring "Reniymm" {rPois MR+ Int-3 Slay+2 SInv} (You found it on level 6 of the Lair of Beasts)
 20356 | D:9      | Reached skill level 23 in Polearms
 20407 | D:9      | Noticed appiemonkey's ghost (novice TrMo)
 20414 | D:9      | Killed appiemonkey's ghost
 20445 | D:10     | Entered Level 10 of the Dungeon
 20539 | D:10     | Noticed Josephine
 20557 | D:10     | Killed Josephine
 20789 | D:10     | Found a staircase to the Orcish Mines.
 20916 | Orc:1    | Entered Level 1 of the Orcish Mines
 20939 | Orc:1    | Received a gift from Okawaru
 21311 | Orc:2    | Entered Level 2 of the Orcish Mines
 21483 | Orc:2    | Found a staircase to the Elven Halls.
 22131 | Orc:2    | Found Kipidoeck's Food Boutique.
 22136 | Orc:2    | Found Raluonga's Jewellery Emporium.
 22136 | Orc:2    | Found Uddam's Antique Armour Boutique.
 22144 | Orc:2    | Bought a pair of jewelled boots for 228 gold pieces
 22144 | Orc:2    | Bought a pair of glowing gloves for 180 gold pieces
 22144 | Orc:2    | Bought a faintly humming leather armour for 168 gold pieces
 22164 | Orc:2    | Identified the +2 pair of boots of Cakus {rC- Dex+6} (You bought it in a shop on level 2 of the Orcish Mines)
 22177 | Orc:2    | Identified the cursed +0 leather armour of Mutualism {+Blink rElec rC+++ Stlth-} (You bought it in a shop on level 2 of the Orcish Mines)
 22179 | Orc:2    | Found Atagow's Food Shop.
 22233 | Orc:2    | Received a gift from Okawaru
 22234 | Orc:2    | Got an encrusted hat {god gift}
 22245 | Orc:2    | Identified the -2 hat "Teoc" {MP+9} (Okawaru gifted it to you on level 2 of the Orcish Mines)
 22923 | Orc:1    | Reached XP level 15. HP: 114/114 MP: 25/25
 22931 | Orc:1    | Noticed Urug
 22940 | Orc:1    | Killed Urug
 25232 | D:9      | Learned a level 5 spell: Cigotuvi's Embrace
 25676 | D:13     | Noticed Frances
 25689 | D:13     | Killed Frances
 25783 | D:13     | Found a gate to the Vaults.
 25793 | D:13     | Reached skill level 24 in Polearms
 25797 | D:13     | Reached skill level 10 in Fighting
 26225 | D:13     | Found an iron altar of Okawaru.
 26635 | D:13     | Received a gift from Okawaru
 26985 | D:13     | Identified Koihifisk's Volume of Shape Shifting and the Entourage
 27168 | Orc:2    | Bought the amulet of Ewkaladgh {RegenMP rF+ MR+++ Int+3 Stlth-} for 841 gold pieces
 27280 | D:10     | Noticed Erolcha
 27282 | D:10     | Killed Erolcha
 27431 | D:10     | Reached XP level 16. HP: 117/123 MP: 23/27
 27954 | D:14     | Found a deep blue altar of Sif Muna.
 28217 | D:15     | Entered Level 15 of the Dungeon
 28226 | D:15     | Noticed Kirke
 28246 | D:15     | Killed Kirke
 28334 | D:15     | Noticed Azrael
 28350 | D:15     | Killed Azrael
 28350 | D:15     | Reached skill level 1 in Evocations
 28820 | D:15     | Reached skill level 5 in Invocations
 29235 | D:15     | Received a gift from Okawaru
 29772 | D:15     | Found a staircase to the Depths.
 30076 | Shoals:1 | Entered Level 1 of the Shoals
 30292 | Shoals:1 | Received a gift from Okawaru
 31800 | Shoals:2 | Received a gift from Okawaru
 31803 | Shoals:2 | Reached skill level 25 in Polearms
 32270 | Shoals:3 | Reached XP level 17. HP: 131/131 MP: 27/29
 33020 | Shoals:3 | Received a gift from Okawaru
 34309 | Snake:1  | Entered Level 1 of the Snake Pit
 34309 | Snake:1  | Noticed Donald
 34322 | Snake:1  | Killed Donald
 34410 | Snake:1  | Noticed Louise
 34420 | Snake:1  | Killed Louise
 34423 | Snake:1  | Found Ajoastrimp's Antique Weapon Boutique.
 34431 | Snake:1  | Noticed Aizul
 34443 | Snake:1  | Killed Aizul
 34443 | Snake:1  | Received a gift from Okawaru
 35522 | Snake:2  | Got an amethyst-encrusted ring mail
 35533 | Snake:2  | Identified the +1 ring mail of the Sky {MR+ rCorr} (You found it on level 2 of the Snake Pit)
 35568 | Snake:2  | Noticed kalagan's ghost (journeyman GrEE)
 35577 | Snake:2  | Killed kalagan's ghost
 35609 | Snake:2  | Noticed Nikola
 35625 | Snake:2  | Killed Nikola
 35785 | Snake:2  | Noticed Roxanne
 35798 | Snake:2  | Killed Roxanne
 35799 | Snake:2  | Identified Roxanne's Collected Works on Moulding (You took it off Roxanne on level 2 of the Snake Pit)
 36015 | Snake:2  | Noticed Vashnia
 36548 | Snake:2  | Reached skill level 5 in Evocations
 36587 | Snake:2  | Killed Vashnia
 36587 | Snake:2  | Reached XP level 18. HP: 54/140 MP: 31/31
 38067 | Snake:3  | Received a gift from Okawaru
 38218 | Snake:3  | Noticed Asterion
 38693 | Elf:1    | Entered Level 1 of the Elven Halls
 38713 | Elf:1    | Reached skill level 5 in Throwing
 38744 | Elf:1    | HP: 4/140 [antimagic hand axe (5)]
 38752 | Elf:1    | Shot with an arrow by a deep elf archer

Skill      XL: |  1  2  3  4  5  6  7  8  9 10 11 12 13 14 15 16 17 18 |
---------------+-------------------------------------------------------+-----
Polearms       | 5 6 7 9 10 12 13 16 20 22 23 24 25 | 25.9
Fighting       | 3 4 5 6 7 8 9 10 11 12 | 12.1
Dodging        | 5 6 7 8 9 10 11 12 13 14 | 14.3
Armour         | 1 2 3 4 5 6 7 8 |  8.3
Necromancy     | 1 3 4 5 6 7 8 9 |  9.0
Spellcasting   | 1 3 4 5 7 8 9 |  9.4
Invocations    | 2 4 6 7 |  7.7
Evocations     | 3 5 |  5.5
Throwing       | 4 5 |  5.1

Action                   |  1- 3 |  4- 6 |  7- 9 | 10-12 | 13-15 | 16-18 || total
-------------------------+-------+-------+-------+-------+-------+-------++-------
Melee: Trident           |   103 |   218 |   188 |       |       |       ||   509
       Halberd           |       |       |   217 |   247 |       |       ||   464
       Bardiche          |       |       |       |   255 |   945 |   799 ||  1999
       Tailslap          |       |       |       |       |     2 |    13 ||    15
       Glaive            |       |       |       |       |       |     5 ||     5
 Fire: Blowgun           |       |       |       |       |    11 |     4 ||    15
Throw: Stone             |     3 |       |       |       |       |       ||     3
       Throwing net      |       |       |     1 |       |       |       ||     1
       Javelin           |       |       |       |    12 |     4 |    77 ||    93
       Tomahawk          |       |       |       |     3 |       |       ||     3
 Cast: Animate Skeleton  |       |       |    11 |    58 |    35 |     8 ||   112
       Animate Dead      |       |       |       |       |    62 |    33 ||    95
       Apportation       |       |       |       |       |     2 |       ||     2
       Cigotuvi's Embrac |       |       |       |       |     1 |    36 ||    37
Invok: Heroism           |       |       |     3 |     9 |    17 |    17 ||    46
       Finesse           |       |       |       |     1 |     5 |     3 ||     9
Evoke: Wand              |       |       |       |       |     2 |     7 ||     9
       Fan of gales      |       |       |       |       |       |     1 ||     1
  Use: Scroll            |       |    10 |     7 |     5 |     9 |    14 ||    45
       Potion            |       |     1 |       |     1 |     4 |    11 ||    17
 Stab: Sleeping          |     1 |     3 |     1 |       |       |       ||     5
       Distracted        |       |       |       |     4 |     1 |     3 ||     8
       Confused          |       |       |       |       |       |     1 ||     1
       Fleeing           |       |       |       |       |       |     1 ||     1
  Eat: Chunk             |     2 |     7 |    10 |    20 |    58 |    10 ||   107
       Fruit             |       |       |     2 |     3 |       |     5 ||    10
       Royal jelly       |       |       |       |     1 |     1 |     2 ||     4
       Meat ration       |       |       |       |       |       |     4 ||     4
       Bread ration      |       |       |       |       |       |     3 ||     3
Armor: Leather armour    |    19 |    24 |       |       |     6 |       ||    49
       Ring mail         |       |    18 |    58 |    46 |    47 |       ||   169
       Chain mail        |       |       |       |    16 |    40 |       ||    56
       Acid dragon scale |       |       |       |       |    17 |   124 ||   141
Dodge: Dodged            |    57 |   169 |   311 |   452 |   822 |   913 ||  2724
Block: Other             |       |       |       |       |       |    24 ||    24
